 Dungeon Crawl Stone Soup version 0.19.5 (webtiles) character file.

72 mike2R the Chiller (level 3, -1/26 HPs)
             Began as a Demigod Ice Elementalist on Apr 28, 2017.
             Slain by an orc priest
             ... wielding a +0 mace
              (5 damage)
             ... on level 3 of the Dungeon.
             The game lasted 00:13:55 (1835 turns).

mike2R the Chiller (Demigod Ice Elementalist)       Turns: 1835, Time: 00:13:56

Health: -1/26      AC:  2    Str: 11    XL:     3   Next: 82%
Magic:  6/10       EV: 12    Int: 21    God:
Gold:   98         SH:  0    Dex: 18    Spells: 3 memorised, 1 level left

rFire  . . .     SeeInvis .     b - +0 hunting sling
rCold  . . .     Gourm    .     d - +0 robe
rNeg   . . .     Faith    .     (no shield)
rPois  .         Spirit   .     (no helmet)
rElec  .         Reflect  .     (no cloak)
rCorr  .         Harm     .     (no gloves)
MR     .....                    (no boots)
Stlth  ++........               (no amulet)
                                n - +2 ring of dexterity
                                k - ring of flight

@: no status effects
A: high mp 1
a: Evoke Flight


You were on level 3 of the Dungeon.
You were not hungry.

You visited 1 branch of the dungeon, and saw 3 of its levels.

You collected 98 gold pieces.

Inventory:

Hand Weapons
 a - a +1 battleaxe of flaming
 b - a +0 hunting sling (weapon)
Missiles
 e - 69 stones (quivered)
 v - 19 poisoned needles
Armour
 d - a +0 robe (worn)
 q - a +0 scale mail
Jewellery
 g - an uncursed amulet of guardian spirit
 k - a ring of flight (left hand)
 n - a +2 ring of dexterity (right hand)
Scrolls
 f - a scroll of identify
 j - 3 scrolls of remove curse
 p - a scroll of enchant armour {unknown}
 s - a scroll of teleportation
 t - a scroll of noise {unknown}
 w - 2 scrolls of magic mapping {unknown}
Potions
 h - a potion of degeneration {unknown}
 i - 2 potions of brilliance
 m - a potion of lignification {unknown}
 o - a potion of cancellation {unknown}
 r - a potion of magic {unknown}
Books
 l - a book of Frost

   Spells                             Type                      Level
   a - Freeze                         Ice                          1
   b - Throw Frost                    Conjuration/Ice              2
   c - Ozocubu's Armour               Charms/Ice                   3
   d - Throw Icicle                   Conjuration/Ice              4
   e - Summon Ice Beast               Ice/Summoning                4
Comestibles
 c - a bread ration
 u - 4 chunks of flesh


   Skills:
 - Level 1.7 Dodging
 - Level 1.7 Stealth
 + Level 2.8 Spellcasting
 - Level 0.8 Conjurations
 + Level 3.7 Ice Magic


You had one spell level left.
You knew the following spells:

 Your Spells              Type           Power        Failure   Level  Hunger
a - Freeze                Ice            ###.         3%          1    None
b - Throw Frost           Conj/Ice       ##....       10%         2    ##.....
c - Ozocubu's Armour      Chrm/Ice       ##......     21%         3    ###....


Dungeon Overview and Level Annotations

Branches:
Dungeon (3/15)


Innate Abilities, Weirdness & Mutations

You have an increased reservoir of magic. (+10% MP)


Message History

Casting: Freeze
Confirm with . or Enter, or press ? or * to list all spells.
Aiming: Freeze
Press: ? - help, Shift-Dir - straight line, f/p - orc priest
Aim: an orc priest, wielding a mace (severely wounded)
You freeze the orc priest.
The orc priest is severely wounded.
The orc priest mumbles some strange prayers to Beogh against you.
Pain shoots through your body!
Ouch! That really hurt!
* * * LOW HITPOINT WARNING * * *
Casting: Freeze
Confirm with . or Enter, or press ? or * to list all spells.
Aiming: Freeze
Press: ? - help, Shift-Dir - straight line, f/p - orc priest
Aim: an orc priest, wielding a mace (severely wounded)
You freeze the orc priest.
The orc priest is almost dead.
The orc priest hits you with a mace.
You die...

#. .# #+####### ..
........# ######.
........#######
!..(...##...............
[.......#........#######
........+........#......
..$.....#........#.#####
......o@.#.#####.#.#####
.......#.#.# #.#<.....
.......#...# #.#......
.......##..# #.#.#####
......( #..# #.#..[...
....... ##.# #.#.#####
##(#### #.## #.#.# #(
#..# #.#.# #..#
#.#.#####


You could see an orc priest.

Vanquished Creatures
  2 adders (D:2)
  A worm (D:3)
  A dart slug (D:1)
  3 leopard geckos
  3 goblins
  5 hobgoblins
  9 jackals
  3 quokkas
  4 bats
  2 frilled lizards (D:1)
  2 kobolds
  10 rats
45 creatures vanquished.

Notes
Turn   | Place    | Note
-------+----------+-------------------------------------------
     0 | D:1      | mike2R the Demigod Ice Elementalist began the quest for the Orb.
     0 | D:1      | Reached XP level 1. HP: 14/14 MP: 5/5
   285 | D:1      | Reached skill level 3 in Ice Magic
   287 | D:1      | Reached XP level 2. HP: 20/20 MP: 5/7
   502 | D:1      | Learned a level 2 spell: Throw Frost
   817 | D:2      | Reached XP level 3. HP: 23/26 MP: 5/9
   822 | D:2      | Learned a level 3 spell: Ozocubu's Armour
   866 | D:2      | Found an iron altar of Okawaru.
  1078 | D:2      | Found a glowing silver altar of Zin.
  1078 | D:2      | Found a white marble altar of Elyvilon.
  1078 | D:2      | Found a shattered altar of Ashenzari.
  1078 | D:2      | Found a deep blue altar of Sif Muna.
  1503 | D:2      | Found a stormy altar of Qazlal.
  1522 | D:2      | Found a blossoming altar of Fedhas.
  1835 | D:3      | Slain by an orc priest

Skill      XL: |  1 |
---------------+----+-----
Spellcasting   | 2 |  2.8
Ice Magic      | 3 |  3.7
Dodging        | |  1.7
Stealth        | |  1.7
Conjurations   | |  0.8

Action                   || total
-------------------------++-------
Melee: Whip              ||     4
       Battleaxe         ||    16
 Fire: Hunting sling     ||    49
Throw: Stone             ||    49
 Cast: Freeze            ||    46
  Use: Scroll            ||     3
 Stab: Sleeping          ||     1
  Eat: Chunk             ||     3
Armor: Robe              ||     6
Dodge: Dodged            ||    50
